Get step-by-step instructions on how to execute this build order below. Start the game timer, and the build order will tick by so you can play in parallel with StarCraft on a second screen or mobile device.

Game Time

  0:00

Last Step

  N/A

Next Step

Upcoming Step



Don't want to look back and forth between 2 screens? Try out our Overwolf App, the Spawning Tool Build Advisor to get an in-game overlay with this build!

Complete Build Order

  12  0:00  SCV  
  13  0:12  SCV  
  14  0:17  Supply Depot  
  14  0:24  SCV  
  15  0:38  SCV  
  15  0:40  Barracks  
  16  0:44  Refinery  
  16  0:50  SCV  
  17  1:03  SCV  
  18  1:15  SCV  
  19  1:26  Marine  
  19  1:28  Orbital Command  
  20  1:45  Command Center  
  20  1:57  Factory  
  20  2:01  SCV  
  20  2:08  Supply Depot  
  21  2:11  Barracks Reactor  
  21  2:14  SCV  
  22  2:22  Refinery  
  22  2:26  SCV  
  23  2:33  Bunker  
  23  2:38  SCV  
  24  2:51  SCV, Starport  
  25  2:53  Hellion  
  29  2:58  Hellion  
  29  3:09  Orbital Command  
  29  3:11  SCV  
  30  3:18  Armory  
  30  3:25  Widow Mine  
  33  3:27  SCV  
  33  3:31  Widow Mine  
  35  3:35  Medivac  
  35  3:39  SCV  
  39  3:41  SCV  
  38  3:49  Supply Depot  
  38  3:51  SCV  
  38  3:53  Widow Mine  
  41  3:57  Widow Mine  
  41  4:00  SCV  
  41  4:02  Marine  
  43  4:03  SCV  
  42  4:12  SCV  
  42  4:14  Widow Mine  
  45  4:19  Supply Depot, Widow Mine, SCV  
  48  4:24  SCV  
  48  4:26  Medivac  
  48  4:28  Marine  
  48  4:31  SCV  
  53  4:36  SCV  
  54  4:44  SCV  
  53  4:48  SCV  
  53  4:49  Widow Mine x2  
  58  4:56  Barracks Tech Lab, SCV  
  59  5:02  Command Center  
  59  5:03  SCV  
  60  5:08  SCV  
  60  5:15  Marine, SCV  
  60  5:19  Stimpack  
  62  5:23  Medivac  
  62  5:24  Widow Mine x2, SCV  
  62  5:27  SCV  
  68  5:33  Barracks  
  68  5:35  Barracks  
  66  5:36  SCV  
  66  5:40  SCV  
  66  5:43  Marine  
  66  5:46  Widow Mine  
  66  5:47  Widow Mine  
  66  5:48  SCV  
  68  5:52  Supply Depot, SCV  
  68  5:55  Refinery x2  
  67  5:59  Starport Tech Lab  
  67  6:00  SCV  
  67  6:04  SCV  
  69  6:10  Barracks  
  69  6:12  Barracks  
  69  6:14  SCV  
  69  6:16  SCV  
  69  6:17  Widow Mine x2  
  75  6:30  SCV  
  75  6:31  Engineering Bay  
  75  6:32  Engineering Bay  
  76  6:35  Combat Shield, Marine  
  76  6:36  Marine  
  76  6:37  Starport Tech Lab  
  79  6:47  Command Center, SCV  
  79  6:51  SCV  
  80  6:54  Marine x2  
  80  6:56  Orbital Command  
  80  7:00  Factory Tech Lab, SCV  
  83  7:03  SCV  
  83  7:05  Barracks Reactor  
  83  7:06  Marine x2  
  85  7:11  Starport Reactor, Terran Infantry Weapons Level 1  
  85  7:12  Terran Infantry Armor Level 1, SCV  
  85  7:15  Marauder  
  88  7:22  Factory  
  88  7:24  Supply Depot  
  88  7:25  Siege Tank, Marine  
  88  7:26  Marine  
  93  7:31  SCV x2  
  93  7:34  SCV  
  93  7:35  Marine  
  93  7:36  Marine, Marauder  
  92  7:41  Supply Depot  
  92  7:43  Concussive Shells, SCV  
  93  7:46  Supply Depot  
  93  7:47  SCV x2  
  95  7:52  Missile Turret, Refinery  
  95  7:53  Refinery  
  95  7:54  Marauder, Marine x2  
  95  7:55  Marine  
  95  7:56  SCV  
  101  8:00  Siege Tank  
  101  8:03  Terran Vehicle Weapons Level 1  
  104  8:07  Factory Tech Lab  
  104  8:08  Marine  
  104  8:09  Marauder x2  
  104  8:10  SCV  
  104  8:11  SCV  
  108  8:14  SCV  
  108  8:15  Marine x2  
  111  8:22  SCV  
  111  8:23  SCV  
  111  8:26  SCV  
  114  8:30  Marauder, Missile Turret, Marine  
  114  8:32  Missile Turret  
  114  8:33  Siege Tank  
  120  8:34  SCV  
  120  8:36  Siege Tank  
  120  8:38  Missile Turret  
  120  8:39  SCV  
  120  8:40  SCV  
  126  8:45  Liberator  
  126  8:47  Liberator  
  132  8:52  Ghost Academy  
  132  9:00  Missile Turret  
  132  9:04  Supply Depot  
  132  9:05  Supply Depot  
  131  9:10  Missile Turret  
  131  9:11  Terran Infantry Weapons Level 2  
  131  9:14  Terran Infantry Armor Level 2  
  131  9:21  Marauder  
  131  9:23  Siege Tank  
  131  9:25  Siege Tank  
  134  9:37  Ghost x2  
  134  9:38  Supply Depot  
  138  9:39  Liberator  
  141  9:46  Liberator  
  144  9:54  Ghost  
  145  10:00  SCV x3  
  145  10:01  Supply Depot  
  145  10:05  Ghost  
  150  10:16  Ghost  
  150  10:19  Command Center  
  152  10:23  Ghost  
  154  10:34  Supply Depot  
  154  10:40  SCV x2  
  153  10:44  Marine x2, SCV  
  153  10:45  Marauder x2  
  148  10:52  Ghost, SCV x2  
  148  10:53  Siege Tank  
  152  11:00  Marine  
  152  11:01  Marine  
  152  11:02  Marine  
  146  11:05  SCV x2  
  146  11:06  Marauder x2  
  146  11:08  SCV  
  149  11:17  SCV  
  153  11:21  SCV x2, Marauder  
  153  11:25  Medivac  
  159  11:29  SCV  
  153  11:33  SCV  
  153  11:34  SCV  
  133  11:41  SCV